 Dungeon Crawl Stone Soup version 0.32-a0-132-g2d33c3cfaf (webtiles) character file.

Game seed: 7455228150603868767

70341 seren the Metamorph (level 14, -2/127 HPs)
             Began as a Black Draconian Shapeshifter on Feb 9, 2024.
             Was a High Priest of Wu Jian.
             Slain by a sphinx (5 damage)
             ... summoned by Kirke
             ... on level 14 of the Dungeon.
             The game lasted 01:10:06 (24464 turns).

seren the Metamorph (Black Draconian Shapeshifter) Turns: 24464, Time: 01:10:06

Health: -2/127     AC:  0    Str: 20    XL:     14   Next: 93%
Magic:  0/14       EV: 30    Int: 10    God:    Wu Jian [*****.]
Gold:   1366       SH:  0    Dex: 13    Spells: 13/13 levels left

rFire   . .          .
                       - Unarmed
rCold   . . .        (shield currently unavailable)
rNeg    . . .        (body armour unavailable)
rPois   .            (helmet currently unavailable)
rElec   .            A - melded +2 cloak {Stlth+}
rCorr   .            O - melded +1 pair of gloves
SInv    .            Z - melded +0 pair of boots
Will    +....        l - amulet of guardian spirit
Stlth   +            w - melded ring of protection from fire
HPRegen 0.41/turn    B - melded +5 ring of evasion
MPRegen 0.14/turn

%: guardian spirit
@: about to teleport, pig-form, in a heavenly storm, slowed, glowing
A: fast, no casting, (breathe lightning), AC +8, small, unfitting armour, (big
wings), (electricity resistance), (cold-blooded)
a: Renounce Religion, Wall Jump, Serpent's Lash, Heavenly Storm


You were on level 14 of the Dungeon.
You worshipped Wu Jian.
Wu Jian was extremely pleased with you.
You were a filthy swine.
You visited 4 branches of the dungeon, and saw 22 of its levels.
You also visited: Bailey.

You collected 2279 gold pieces.
You spent 913 gold pieces at shops.

Inventory:

Missiles
 h - 21 boomerangs
 n - 40 poisoned darts
 s - 2 throwing nets (quivered) {!f}
 y - 7 javelins
 G - 2 curare-tipped darts
Armour
 A - a +2 cloak of stealth (melded)
 O - a +1 pair of gloves (melded)
 Z - a +0 pair of boots (melded)
Jewellery
 e - the ring of Wenest {Ice Int+3}
   (You found it on level 9 of the Dungeon)

   [ring of ice]

   Ice:       It enhances your ice magic.
   Int+3:     It affects your intelligence (+3).
   rF-:       It makes you vulnerable to fire.
   rC+:       It protects you from cold.
 g - a ring of poison resistance
 i - a ring of ice
 l - an amulet of guardian spirit (around neck)
 w - a ring of protection from fire (melded)
 B - a +5 ring of evasion (melded)
 E - a +4 ring of protection
 P - a ring of flight
 Y - a ring of willpower
Talismans
 b - a beast talisman
 c - a flux talisman
 M - a maw talisman (active)
Wands
 D - a wand of roots (13)
 I - a wand of acid (7)
 J - a wand of digging (3)
 N - a wand of paralysis (6)
 U - a wand of flame (17)
 V - a wand of polymorph (6)
 W - a wand of mindburst (7)
Scrolls
 d - 13 scrolls of teleportation {!r}
 k - a scroll of vulnerability
 o - 4 scrolls of blinking {!r}
 q - 4 scrolls of poison
 r - 3 scrolls of immolation
 t - a scroll of enchant weapon
 u - 4 scrolls of revelation
 v - a scroll of torment {unknown}
 x - a scroll of acquirement {unknown}
 F - 2 scrolls of brand weapon {unknown}
 Q - a scroll of summoning {unknown}
 S - a scroll of fog {unknown}
Potions
 a - 3 potions of might
 j - 8 potions of curing
 m - 2 potions of heal wounds
 p - 2 potions of cancellation
 z - 6 potions of ambrosia
 C - 3 potions of magic
 H - 3 potions of enlightenment
 K - a potion of brilliance {unknown}
 L - 2 potions of attraction
 T - 3 potions of invisibility
 X - 3 potions of mutation {!q}
Miscellaneous
 f - a tin of tremorstones (2/2)


   Skills:
 + Level 12.4 Fighting
 + Level 11.2 Dodging
 + Level 12.6 Unarmed Combat
 - Level 6.0 Evocations
 * Level 15.5 Shapeshifting


You had 13 spell levels left.
You didn't know any spells.
Your spell library contained the following spells:

 Spells                   Type           Power      Damage    Failure   Level
 Sting                    Conj/Alch      0%         1d3       36%         1
 Blink                    Tloc           0%         N/A       50%         2
 Lesser Beckoning         Tloc           0%         N/A       50%         2
 Mercury Vapours          Alch/Air       0%         N/A       50%         2
 Momentum Strike          Conj/Tloc      0%         3d8       50%         2
 Static Discharge         Conj/Air       0%         3-3/arc   50%         2
 Gell's Gravitas          Tloc           0%         N/A       75%         3
 Mephitic Cloud           Conj/Alch/Air  0%         N/A       75%         3
 Teleport Other           Tloc           0%         N/A       75%         3
 Tukima's Dance           Hex            0%         N/A       75%         3
 Airstrike                Air            0%         2d(0-16)  98%         4
 Dimensional Bullseye     Hex/Tloc       0%         N/A       98%         4
 Iskenderun's Mystic Bla  Conj/Tloc      0%         2d3       98%         4
 Olgreb's Toxic Radiance  Alch           0%         N/A       98%         4
 Passage of Golubria      Tloc           0%         N/A       98%         4
 Summon Lightning Spire   Summ/Air       0%         N/A       98%         4
 Freezing Cloud           Conj/Ice/Air   0%         6-21      100%        5
 Iskenderun's Battlesphe  Conj           0%         2d6       100%        5
 Silence                  Hex/Air        0%         N/A       100%        5
 Summon Forest            Summ/Tloc      0%         N/A       100%        5
 Summon Mana Viper        Hex/Summ       0%         N/A       100%        5
 Bombard                  Conj/Erth      0%         9d1       100%        6
 Summon Cactus Giant      Summ           0%         N/A       100%        6
 Spellforged Servitor     Conj/Summ      0%         N/A       100%        7
 Lehudib's Crystal Spear  Conj/Erth      0%         10d2      100%        8


Dungeon Overview and Level Annotations

Branches:
Dungeon (14/15)            Temple (1/1) D:7            Lair (5/5) D:8
 Shoals (0/4) Lair:3       Spider (0/4) Lair:2        Slime (0/5) Lair:5
    Orc (2/2) D:12            Elf (0/3) Orc:2        Vaults (0/5) D:13
 Bailey (visited)

Altars:
Ashenzari
Cheibriados
Dithmenos
Elyvilon
Fedhas
Gozag
Hepliaklqana
Kikubaaqudgha
Makhleb
Nemelex Xobeh
Okawaru
Qazlal
Ru
Sif Muna
Trog
Uskayaw
Vehumet
Wu Jian
Xom
Yredelemnul
Zin
The Shining One
Jiyva

Shops:
D:1 (   D:8 ?   D:9 :   D:13 [   Orc:2 ([*:

Annotations:
D:3 Grinder
D:4 exclusion: black bear
D:14 Kirke, Roxanne


Innate Abilities, Weirdness & Mutations

You are a filthy swine.
You move quickly.
Your equipment is almost entirely melded.
You are incapable of wielding weapons or throwing items.
You cannot cast spells.
((You can breathe wild blasts of lightning.))
((Your glossy black scales are hard. (AC +8)))
You cannot fit into any form of body armour.
((Your large and strong wings let you fly.))
((You are resistant to electric shocks. (rElec)))
((You are cold-blooded and may be slowed by cold attacks.))


Message History

You spin and attack the sphinx.
You hit the sphinx.
The sphinx is moderately wounded.
The sphinx hits you!! The sphinx misses you. The sphinx completely misses you.
The sphinx casts a spell.
You struggle to resist.
You spin and attack the sphinx.
You bite the sphinx!
The sphinx is heavily wounded.
You spin and attack Kirke.
You bite Kirke!
Kirke is heavily wounded.
Kirke barely misses you.
The sphinx mumbles some strange words.
You struggle to resist.
You bite Kirke!
Kirke is severely wounded.
Kirke hits you!
* * * LOW HITPOINT WARNING * * *
The sphinx completely misses you. The sphinx hits you.
* * * LOW HITPOINT WARNING * * *
The sphinx hits you.
* * * LOW HITPOINT WARNING * * *
The lindwurm breathes flames at you. The blast of flame hits you!!
* * * LOW HITPOINT WARNING * * *
As you read the scroll of teleportation {!r}, it crumbles to dust.
You feel strangely unstable. The sphinx completely misses you.
The sphinx barely misses you. The sphinx completely misses you.
Kirke misses you. The lindwurm barely misses you.
The lindwurm completely misses you. The lindwurm closely misses you.
The sphinx hits you!!
* * * LOW HITPOINT WARNING * * *
The sphinx misses you. The sphinx completely misses you.
Kirke completely misses you.
You feel much better. The lindwurm breathes flames at you.
The blast of flame hits you!!!
* * * LOW HITPOINT WARNING * * *
The sphinx completely misses you. The sphinx hits you.
* * * LOW HITPOINT WARNING * * *
The sphinx hits you.
You die...

.#..........................
.#................))........
.#......(..........)........
.#.#####.#####..############
.#.#####.'...#).##.##############
.'....'..#.#.#...†.).......○○○○°○
.####.####°..#################+##
#...#.##.....°°°°§○.....
#...#..#.....†☼@h°○.#
#.#.#..#......°Hk§°.# h.#.
#.#.#..'....°.§§○○°.# (.#.
#...####......°○°○○..... ....
#...............#'###### ....
#.#############.#.# C... #.#
#.#.# #. #.####### #.+.# .##.
#........ ..#.# ....


You could see Kirke (invisible), a sphinx (summoned) and a lindwurm (summoned,
catching breath).

Vanquished Creatures
  Rupert (D:12)
  Frances (D:12)
  An orc warlord (Orc:2)
  Azrael (D:14)
  Josephine (Lair:5)
  An entropy weaver (D:13)
  11 hydras
  A merfolk avatar (Lair:5)
  A catoblepas (Lair:4)
  4 centaur warriors
  A death knight (D:12)
  A boulder beetle (Lair:5)
  4 two-headed ogres
  4 orc high priests (Orc:2)
  A fire crab (Lair:5)
  A pharaoh ant (Lair:2)
  A sea snake (Lair:5)
  6 orc knights
  Pikel (D:6)
  10 ugly things
  A deep elf pyromancer (D:11)
  3 manticores
  3 orc sorcerers
  A cyclops (D:14)
  6 meliai
  A merfolk siren (Lair:3)
  2 elephants (Lair:5)
  4 black mambas
  4 kobold blastminers
  11 cane toads
  2 unseen horrors
  A kobold demonologist (D:12)
  2 freezing wraiths
  An efreet (D:13)
  8 komodo dragons
  A queen bee (D:12)
  A wind drake (Lair:5)
  4 trolls
  2 polar bears (Lair:5)
  6 hornets
  A tarantella (Lair:2)
  16 blink frogs
  Sigmund (D:5)
  2 vampires
  3 shadows
  A basilisk (Lair:1)
  3 wyverns
  6 hogs (D:14)
  20 yaks
  9 wraiths
  3 fire elementals (D:14)
  A warg (Orc:2)
  2 steam dragons (D:7)
  4 vampire mosquitoes
  Edmund (D:4)
  2 acid dragons
  4 hell hounds (D:14)
  6 water moccasins
  An ice beast (D:6)
  35 orc warriors
  4 laughing skulls
  A sky beast (D:6)
  6 wolves
  14 ogres
  14 centaurs
  2 lemures
  3 kobold brigands
  12 bullfrogs
  A necrophage (D:5)
  3 scorpions
  11 killer bees (D:12)
  2 electric eels (D:8)
  4 howler monkeys
  9 hounds
  4 jellies
  15 orc priests
  2 gnoll boudas (D:6)
  2 iguanas
  25 orc wizards
  A hound skeleton (D:5)
  13 gnolls
  A river rat (Lair:1)
  5 adders
  2 shadow imps (D:6)
  A white imp (D:5)
  3 ribbon worms
  73 orcs
  3 ball pythons
  10 endoplasms
  5 giant cockroaches
  11 goblins
  6 hobgoblins
  A jackal (D:1)
  6 bats
  A frilled lizard (D:3)
  28 kobolds
  5 rats
547 creatures vanquished.

Vanquished Creatures (others)
  An orc (D:8)
1 creature vanquished.

Grand Total: 548 creatures vanquished

Notes
Turn   | Place    | Note
-------+----------+-------------------------------------------
     0 | D:1      | seren the Draconian Shapeshifter began the quest for the
                  | Orb.
     0 | D:1      | Reached XP level 1. HP: 16/16 MP: 1/1
   379 | D:1      | Found Riwni's Weapon Emporium.
   401 | D:1      | Reached XP level 2. HP: 22/23 MP: 2/2
   869 | D:2      | Reached XP level 3. HP: 28/29 MP: 3/3
  1219 | D:2      | You fall into a shaft and drop 2 floors!
  1764 | D:3      | Noticed Grinder
  1899 | D:3      | Reached XP level 4. HP: 36/36 MP: 4/4
  2088 | D:4      | Noticed an ogre
  2105 | D:4      | Killed an ogre
  2106 | D:4      | Reached XP level 5. HP: 42/42 MP: 5/5
  2109 | D:4      | Reached skill level 4 in Shapeshifting
  2210 | D:4      | Noticed a black bear
  2330 | D:4      | Noticed an ogre
  2360 | D:4      | Killed an ogre
  2361 | D:4      | Reached XP level 6. HP: 16/51 MP: 6/6
  2610 | D:4      | Reached skill level 5 in Unarmed Combat
  2947 | D:4      | Noticed Edmund
  2969 | D:4      | Killed Edmund
  2970 | D:4      | Your scales start taking on a glossy black colour.
  2970 | D:4      | Reached XP level 7. HP: 57/57 MP: 7/7
  2970 | D:4      | Gained mutation: You are resistant to electric shocks.
                  | (rElec) [Black Draconian growth]
  3228 | D:5      | Entered Level 5 of the Dungeon
  3315 | D:5      | Noticed Sigmund
  3330 | D:5      | Killed Sigmund
  3331 | D:5      | Reached skill level 5 in Shapeshifting
  3356 | D:5      | Found an iron altar of Okawaru.
  3416 | D:5      | Found a burning altar of Makhleb.
  3568 | D:5      | Found a hide-covered altar of Uskayaw.
  3813 | D:5      | Reached skill level 6 in Shapeshifting
  3813 | D:5      | Reached XP level 8. HP: 34/63 MP: 8/8
  4064 | D:6      | Noticed Pikel
  4192 | D:6      | Reached skill level 1 in Evocations
  4200 | D:6      | Found a stormy altar of Qazlal.
  4249 | D:6      | Killed Pikel
  4308 | D:6      | Reached skill level 7 in Shapeshifting
  4312 | D:6      | Found a hazy altar of Hepliaklqana.
  4317 | D:6      | Found a shadowy altar of Dithmenos.
  4318 | D:6      | Found a blossoming altar of Fedhas.
  4576 | D:6      | Reached skill level 5 in Dodging
  4609 | D:6      | Reached XP level 9. HP: 53/71 MP: 9/9
  4704 | D:6      | Found a snail-covered altar of Cheibriados.
  5279 | D:6      | Found a basalt altar of Yredelemnul.
  5556 | D:7      | Found a staircase to the Ecumenical Temple.
  5568 | Temple   | Entered the Ecumenical Temple
  5670 | D:7      | Found an ornate altar of the Wu Jian Council.
  5675 | D:7      | Became a worshipper of the Wu Jian Council
  6542 | D:7      | Reached skill level 8 in Shapeshifting
  6759 | D:8      | Found Xaudenee's Magic Scroll Shop.
  6764 | D:8      | Bought 2 scrolls of teleportation for 72 gold pieces
  6764 | D:8      | Bought a scroll of teleportation for 36 gold pieces
  6764 | D:8      | Bought a scroll of immolation for 48 gold pieces
  6764 | D:8      | Bought a scroll of noise for 12 gold pieces
  6764 | D:8      | Bought a scroll of identify for 24 gold pieces
  6764 | D:8      | Bought a scroll of identify for 24 gold pieces
  6764 | D:8      | Bought a scroll of identify for 24 gold pieces
  6764 | D:8      | Bought a scroll of identify for 24 gold pieces
  6802 | D:8      | Reached skill level 5 in Fighting
  6807 | D:8      | Noticed a troll
  6832 | D:8      | Killed a troll
  7224 | D:8      | Reached * piety under Wu Jian
  7518 | D:8      | Reached XP level 10. HP: 69/69 MP: 10/10
  7550 | D:8      | Found a sacrificial altar of Ru.
  7697 | D:8      | Found a staircase to the Lair.
  8011 | D:9      | Reached skill level 9 in Shapeshifting
  8045 | D:9      | Found a flagged portal.
  8062 | Bailey   | Entered a bailey
  8098 | Bailey   | Reached ** piety under Wu Jian
  8248 | Bailey   | Noticed an orc knight
  8248 | Bailey   | Noticed an orc knight
  8349 | Bailey   | Identified the +2 ice dragon scales "Zaachoe" {rF- rC++
                  | Str+5}
  8354 | Bailey   | Killed an orc knight
  8365 | Bailey   | Killed an orc knight
  8917 | D:9      | Identified the ring of Wenest {Ice Int+3}
  9000 | D:9      | Found Goed's Self-Improvement Boutique.
  9277 | D:10     | Entered Level 10 of the Dungeon
  9354 | D:10     | Reached skill level 5 in Evocations
  9373 | D:10     | Reached skill level 10 in Shapeshifting
  9374 | D:10     | Reached XP level 11. HP: 88/92 MP: 11/11
  9516 | D:10     | Found a glowing golden altar of the Shining One.
  9789 | D:10     | Noticed a two-headed ogre
  9796 | D:10     | Killed a two-headed ogre
  9829 | D:10     | Found a bloodstained altar of Trog.
 10550 | Lair:1   | Entered Level 1 of the Lair of Beasts
 10566 | Lair:1   | Reached *** piety under Wu Jian
 10621 | Lair:1   | You fall into a shaft and drop 1 floor!
 10621 | Lair:2   | Noticed a pharaoh ant
 10621 | Lair:2   | Found a hole to the Spider Nest.
 11966 | Lair:2   | Reached skill level 11 in Shapeshifting
 11990 | Lair:2   | Killed a pharaoh ant
 12133 | Lair:2   | Noticed an eight-headed hydra
 12139 | Lair:2   | Killed an eight-headed hydra
 12189 | Lair:2   | Reached XP level 12. HP: 103/103 MP: 12/12
 12189 | Lair:2   | Noticed a five-headed hydra
 12200 | Lair:2   | Killed a five-headed hydra
 12495 | Lair:2   | Noticed an eight-headed hydra
 12505 | Lair:2   | Killed an eight-headed hydra
 13197 | Lair:3   | Noticed a seven-headed hydra
 13214 | Lair:3   | Killed a seven-headed hydra
 13398 | Lair:3   | Found a staircase to the Shoals.
 13490 | Lair:3   | Reached skill level 12 in Shapeshifting
 13659 | Lair:3   | Noticed a seven-headed hydra
 13667 | Lair:3   | Killed a seven-headed hydra
 13668 | Lair:3   | Reached skill level 10 in Unarmed Combat
 13927 | Lair:4   | Noticed a catoblepas
 13942 | Lair:4   | Killed a catoblepas
 14614 | Lair:5   | Entered Level 5 of the Lair of Beasts
 14617 | Lair:5   | Noticed a four-headed hydra
 15476 | D:12     | Noticed a two-headed ogre
 15641 | Lair:5   | Noticed a boulder beetle
 15697 | Lair:5   | Noticed a five-headed hydra
 15710 | Lair:5   | Killed a five-headed hydra
 15760 | Lair:5   | Noticed an eight-headed hydra
 15839 | Lair:5   | Killed a boulder beetle
 15840 | Lair:5   | Reached XP level 13. HP: 113/113 MP: 13/13
 15873 | Lair:5   | Reached skill level 10 in Fighting
 15997 | Lair:5   | Reached skill level 13 in Shapeshifting
 16331 | Lair:5   | Found a viscous altar of Jiyva.
 16825 | Lair:5   | Found a staircase to the Slime Pits.
 16912 | Lair:5   | Noticed Josephine
 16921 | Lair:5   | Killed Josephine
 18012 | D:12     | Noticed Rupert
 18107 | D:12     | Noticed Frances
 18226 | D:12     | Killed Rupert
 18227 | D:12     | Reached skill level 10 in Dodging
 18312 | D:12     | Found a staircase to the Orcish Mines.
 18321 | Orc:1    | Entered Level 1 of the Orcish Mines
 18421 | Orc:1    | Reached **** piety under Wu Jian
 18428 | Orc:1    | Reached skill level 14 in Shapeshifting
 18506 | Orc:2    | Entered Level 2 of the Orcish Mines
 18971 | Orc:2    | Found a staircase to the Elven Halls.
 19342 | Orc:1    | Noticed an ettin
 19840 | Orc:2    | Gained mutation: Your large and strong wings let you fly.
                  | [Black Draconian growth]
 19840 | Orc:2    | Reached XP level 14. HP: 90/124 MP: 9/14
 20333 | Orc:2    | Noticed an orc warlord
 20401 | Orc:2    | Killed an orc warlord
 20448 | Orc:2    | Reached ***** piety under Wu Jian
 20486 | Orc:2    | Paralysed by an orc sorcerer for 2 turns
 21074 | Orc:2    | Found Yppux's General Store.
 21075 | Orc:2    | Found Ipsuups's Book Boutique.
 21076 | Orc:2    | Found Eshru Baucen's Antique Armour Shop.
 21076 | Orc:2    | Found Gaitoeqe's Antique Weapon Shop.
 21092 | Orc:2    | Bought a scroll of identify for 22 gold pieces
 21092 | Orc:2    | Bought a scroll of teleportation for 33 gold pieces
 21208 | Orc:2    | Bought a glowing cloak for 165 gold pieces
 21208 | Orc:2    | Bought a pair of embroidered gloves for 165 gold pieces
 21208 | Orc:2    | Bought a runed cloak for 165 gold pieces
 21208 | Orc:2    | Bought a pair of boots for 99 gold pieces
 21722 | D:12     | Killed Frances
 22642 | D:13     | Reached skill level 15 in Shapeshifting
 22905 | D:13     | Noticed an ironbound preserver
 23065 | D:13     | Found Paillop's Antique Armour Shoppe.
 23143 | D:13     | Found a gate to the Vaults.
 24093 | D:14     | Noticed Lodul
 24136 | D:14     | Lodul changed into Lodul the blink frog
 24136 | D:14     | Noticed Lodul
 24147 | D:14     | Killed Lodul the blink frog
 24244 | D:14     | Noticed Azrael
 24268 | D:14     | Killed Azrael
 24405 | D:14     | Noticed Roxanne
 24441 | D:14     | Noticed Kirke
 24457 | D:14     | Noticed a sphinx
 24464 | D:14     | HP: 6/127 [lindwurm/blast of flame[Kirke] (37)]
 24464 | D:14     | Slain by a sphinx

Illustrated notes

Levels and vault maps discovered:
D:1:      dpeg_arrival_brainrot, layout_loops_ring, serial_shops, shop
D:2:      layout_loops_ring, minmay_3d_cube
D:3:      layout_basic, supply_closet_lemuel, uniq_grinder
D:4:      layout_loops_ring, kennysheep_cross_room, uniq_edmund
D:5:      layout_rooms, kennysheep_little_box, makhleb_blood_cavern_becter,
          amcnicky_altar_gilded, uniq_sigmund
D:6:      layout_layer_cave, minitemple, nicolae_qazlal_general_emergency,
          mainiacjoe_overflow_swirl, uniq_pikel
D:7:      layout_cave_pods, nicolae_wu_jian_wuxing_cycle,
          minmay_temple_entry_slanted
D:8:      layout_rooms, lemuel_coloured_pillars_altar, erik_lair_island,
          serial_shops, nicolae_diamond_shop
D:9:      layout_rooms, enter_bailey_4, nicolae_shop_self_help
D:10:     layout_roguey, trog_three_pillars_becter, lemuel_doored_altar,
          minivault_24
D:11:     layout_cave_pools
D:12:     layout_loops_ring, orc_0_dummy, special_room [special_room_bee],
          nicolae_letterblocks [nicolae_letter_subblock,
          nicolae_letter_subblock, nicolae_letter_subblock,
          nicolae_letter_subblock, nicolae_letter_subblock,
          nicolae_letter_subblock, nicolae_letter_subblock,
          nicolae_letter_subblock, nicolae_letter_subblock,
          nicolae_letter_subblock, nicolae_letter_subblock,
          nicolae_letter_subblock, nicolae_letter_subblock,
          nicolae_letter_subblock, nicolae_letter_subblock,
          nicolae_letter_subblock, nicolae_letter_subblock,
          nicolae_letter_subblock, nicolae_letter_subblock,
          nicolae_letter_subblock, nicolae_letter_subblock,
          nicolae_letter_subblock, nicolae_letter_subblock,
          nicolae_letter_subblock, nicolae_letter_subblock], uniq_rupert,
          uniq_frances
D:13:     layout_gridville, hellmonk_vaults_order_and_chaos, serial_shops,
          nicolae_take_the_stairs, kennysheep_boxes
D:14:     layout_stronghold, kennysheep_minor_cross, marbit_kobold_abyssish,
          uniq_lodul, uniq_kirke, uniq_roxanne, uniq_azrael
Temple:   hellmonk_temple_beads
Lair:1:   wander_river, layout_regular_city, pdpol_lair_neglected_garden, pond,
          infiniplex_staircase_pool, serial_bayou_shore_a
Lair:2:   layout_loops_ring, nicolae_spider_entry_lesser_pyramids
Lair:3:   layout_regular_city, minmay_shoals_entry_lonely_mermaid
Lair:4:   layout_roguey
Lair:5:   gammafunk_lair_ancient_temple, layout_long_grid,
          nicolae_slime_entry_slimehenge, uniq_josephine
Orc:1:    layout_diamond_mine
Orc:2:    st_orc_congregation, layout_caves

Skill      XL: |  1  2  3  4  5  6  7  8  9 10 11 12 13 14 |
---------------+-------------------------------------------+-----
Dodging        | 2 3 4 5 6 8 9 10 11 | 11.2
Fighting       | 2 3 5 7 8 9 11 12 | 12.4
Unarmed Combat | 4 5 6 7 8 9 10 11 12 | 12.6
Shapeshifting  | 4 6 7 8 10 11 12 14 15 | 15.5
Evocations     | 3 4 5 6 |  6.0

Action                     |  1- 3 |  4- 6 |  7- 9 | 10-12 | 13-15 || total
---------------------------+-------+-------+-------+-------+-------++-------
  Melee: Unarmed           |   113 |    99 |   330 |   777 |  1011 ||  2330
         Tailslap          |    12 |    16 |    52 |   166 |   178 ||   424
         Punch             |       |     2 |       |     6 |    75 ||    83
         Maw               |       |       |       |    28 |   232 ||   260
  Throw: Boomerang         |       |     3 |       |       |       ||     3
         Throwing net      |       |       |       |       |     5 ||     5
 Invoke: Serpent's Lash    |       |       |       |     7 |     5 ||    12
         Heavenly Storm    |       |       |       |       |     1 ||     1
Ability: Lunge             |       |       |     5 |    51 |    69 ||   125
         Breathe Lightning |       |       |     2 |       |     6 ||     8
         Whirlwind         |       |       |     1 |   119 |   180 ||   300
         Wall Jump         |       |       |       |       |     1 ||     1
  Evoke: Wand              |       |       |     1 |    13 |     4 ||    18
    Use: Scroll            |     4 |     1 |     8 |     3 |    11 ||    27
         Potion            |       |     2 |     1 |     5 |     6 ||    14
   Stab: Distracted        |       |       |     1 |     1 |     2 ||     4
         Petrified         |       |       |       |     1 |       ||     1
         Held in net/web   |       |       |       |       |     4 ||     4
         Invisible         |       |       |       |       |     2 ||     2
 Armour: Skin              |    43 |    45 |   141 |   259 |   478 ||   966
  Dodge: Dodged            |    66 |    46 |   304 |   682 |   893 ||  1991
   Form: Flux              |       |     1 |       |     1 |     1 ||     3
         Maw               |       |       |       |     1 |     2 ||     3

Table legend: (Time is in decaauts)
 A = Elapsed time spent in this place.
 B = Non-inter-level travel time spent in this place.
 C = Inter-level travel time spent in this place.
 D = Time resting spent in this place.
 E = Time spent auto-exploring this place.
 F = Levels seen in this place.
 G = Mean time per level.
                   A        B        C        D        E       F      G
               +--------+--------+--------+--------+--------+-----+--------+
         Total |  24321 |  23166 |   1155 |   4844 |  11170 |  23 | 1057.4 |
       Dungeon |  14774 |  14077 |    697 |   2927 |   7105 |  14 | 1055.3 |
        Temple |      1 |      1 |      0 |      0 |      0 |   1 |    1.0 |
          Lair |   6026 |   5663 |    363 |    896 |   3032 |   5 | 1205.2 |
  Orcish Mines |   2947 |   2853 |     94 |    890 |   1003 |   2 | 1473.5 |
        Bailey |    570 |    570 |      0 |    131 |     29 |   1 |  570.0 |
               +--------+--------+--------+--------+--------+-----+--------+

Top non-repeatable levels by time:
   Orc:2: 1860 daAuts
    D:12: 1791 daAuts
  Lair:5: 1664 daAuts
     D:6: 1496 daAuts
     D:7: 1375 daAuts
    D:10: 1332 daAuts
     D:4: 1251 daAuts
    D:14: 1206 daAuts
  Lair:1: 1187 daAuts
  Lair:2: 1176 daAuts
     D:8: 1129 daAuts
  Lair:3: 1115 daAuts
   Orc:1: 1086 daAuts
  Lair:4: 882 daAuts
    D:11: 850 daAuts
